 Dungeon Crawl Stone Soup version 0.21-a0-215-g0631661 (webtiles) character file.

22320 Gruud the Summoner (level 12, -9/132 HPs)
             Began as an Ogre Wizard on Aug 19, 2017.
             Was a High Priest of Sif Muna.
             Mangled by a blink frog (13 damage)
             ... on level 4 of the Lair of Beasts on Aug 22, 2017.
             The game lasted 01:42:35 (13356 turns).

Gruud the Summoner (Ogre Wizard)                   Turns: 13356, Time: 01:42:36

Health: -9/132     AC:  9    Str: 14    XL:     12   Next: 99%
Magic:  17/24      EV:  9    Int: 23    God:    Sif Muna [*****.]
Gold:   337        SH:  0    Dex:  7    Spells: 3/28 levels left

rFire    + . .     SeeInvis +   a - +7 flail (freeze)
rCold    + . .     Gourm    .   (no shield)
rNeg     . . .     Faith    +   V - +2 troll leather armour
rPois    +         Spirit   .   l - +2 hat {MR+}
rElec    .         Reflect  .   u - scarf {rC+ rF+}
rCorr    .         Harm     .   (gloves unavailable)
MR       ++...                  (boots unavailable)
Stlth    +.........             e - amulet of faith
HPRegen  0.72/turn              w - ring of see invisible
MPRegen  0.19/turn              r - ring of poison resistance

@: very slow
A: unfitting armour, tough skin 1
a: Divine Energy, Channel Magic, Forget Spell, Renounce Religion


You were on level 4 of the Lair of Beasts.
You worshipped Sif Muna.
Sif Muna was extremely pleased with you.
You were not hungry.

You visited 3 branches of the dungeon, and saw 17 of its levels.
You also visited: Sewer.

You collected 714 gold pieces.
You spent 377 gold pieces at shops.

Inventory:

Hand Weapons
 a - a +7 flail of freezing (weapon)
 O - a +1 scimitar of flaming
Missiles
 v - 27 tomahawks (quivered)
Armour
 l - a +2 hat of magic resistance (worn)
 u - a scarf of resistance (worn)
 H - a +0 shield
 U - a +2 cloak
 V - a +2 troll leather armour (worn)
Magical Staves
 K - an uncursed staff of cold
Jewellery
 e - an amulet of faith (around neck)
 r - a ring of poison resistance (right hand)
 w - a ring of see invisible (left hand)
Wands
 y - a wand of random effects (15/48)
 C - a wand of digging (2/24)
 D - a wand of lightning (0/15)
 I - a wand of disintegration (8/24)
 N - a wand of acid (9/15)
 S - a wand of flame (32/48)
Scrolls
 c - a scroll of summoning
 i - 6 scrolls of remove curse
 k - 2 scrolls of magic mapping
 m - 4 scrolls of teleportation
 n - 2 scrolls of fear
 E - 3 scrolls of fog
 G - a scroll of amnesia
 T - 4 scrolls of silence
Potions
 b - 6 potions of curing
 f - 2 potions of flight
 g - 3 potions of heal wounds
 o - 4 potions of invisibility
 p - 9 potions of ambrosia
 q - 3 potions of haste
 s - a potion of mutation {unknown}
 t - a potion of agility {unknown}
 x - 3 potions of berserk rage
 A - a potion of might
 F - 3 potions of lignification
 P - a potion of resistance
 R - a potion of cancellation {unknown}
Books
 h - Akhloadd's Reference Book on the Entourage and Curses
   (Sif Muna gifted it to you on level 1 of the Lair of Beasts)

   Spells                             Type                      Level
   a - Leda's Liquefaction            Hexes/Earth                  4
   b - Aura of Abjuration             Summoning                    5
   c - Summon Forest                  Summoning/Translocation      5
   d - Spellforged Servitor           Conjuration/Summoning        7
   e - Dragon's Call                  Summoning                    9
 z - Sif Muna's Disquisition on Toxic Changing
   (Sif Muna gifted it to you on level 4 of the Lair of Beasts)

   Spells                             Type                      Level
   a - Sting                          Conjuration/Poison           1
   b - Sticks to Snakes               Transmutation                2
   c - Ignite Poison                  Fire/Transmutation/Poison    3
   d - Ice Form                       Ice/Transmutation            4
   e - Poison Arrow                   Conjuration/Poison           6
 J - a book of Necromancy

   Spells                             Type                      Level
   a - Pain                           Necromancy                   1
   b - Animate Skeleton               Necromancy                   1
   c - Vampiric Draining              Necromancy                   3
   d - Regeneration                   Charms/Necromancy            3
   e - Animate Dead                   Necromancy                   4
   f - Control Undead                 Necromancy                   4
 L - a book of Flames

   Spells                             Type                      Level
   a - Flame Tongue                   Conjuration/Fire             1
   b - Throw Flame                    Conjuration/Fire             2
   c - Conjure Flame                  Conjuration/Fire             3
   d - Inner Flame                    Hexes/Fire                   3
   e - Sticky Flame                   Conjuration/Fire             4
   f - Fireball                       Conjuration/Fire             5
 M - a book of Callings

   Spells                             Type                      Level
   a - Summon Small Mammal            Summoning                    1
   b - Call Imp                       Summoning                    2
   c - Call Canine Familiar           Summoning                    3
   d - Summon Guardian Golem          Hexes/Summoning              3
   e - Summon Lightning Spire         Summoning/Air                4
   f - Summon Ice Beast               Ice/Summoning                4
Comestibles
 d - 11 bread rations
 j - 7 meat rations
 B - 7 fruits
 Q - 19 chunks of flesh


   Skills:
 + Level 11.8 Fighting
 - Level 1.7 Dodging
 - Level 1.4 Stealth
 - Level 5.5 Shields
 * Level 8.9 Spellcasting
 - Level 8.2 Conjurations
 * Level 12.0 Summonings
 - Level 0.8 Translocations
 - Level 5.6 Invocations


You had 3 spell levels left.
You knew the following spells:

 Your Spells              Type           Power        Failure   Level  Hunger
a - Summon Ice Beast      Ice/Summ       #####...     7%          4    ##.....
b - Animate Skeleton      Necr           N/A          9%          1    None
c - Mephitic Cloud        Conj/Pois/Air  ###.....     8%          3    None
d - Conjure Flame         Conj/Fire      ####....     4%          3    None
e - Blink                 Tloc           N/A          9%          2    None
f - Summon Forest         Summ/Tloc      #####.....   16%         5    ####...
g - Summon Lightning Spi  Summ/Air       #####...     7%          4    ##.....
h - Regeneration          Chrm/Necr      ##........   24%         3    None


Dungeon Overview and Level Annotations

Branches:
Dungeon (12/15)            Temple (1/1) D:6            Lair (4/6) D:9
  Swamp (0/4) Lair:2       Spider (0/4) Lair:3
    Orc: D:9-12

Altars:
Ashenzari
Cheibriados
Dithmenos
Elyvilon
Fedhas
Gozag
Hepliaklqana
Kikubaaqudgha
Makhleb
Nemelex Xobeh
Okawaru
Qazlal
Ru
Sif Muna
Trog
Uskayaw
Vehumet
Wu Jian
Xom
Yredelemnul
Zin
The Shining One

Shops:
D:7 [=?[*   D:8 ?   D:9 }

Annotations:
D:4 Grinder; p0werm0de's ghost, weakling DsFi
Lair:3 exclusion: oklob plant
Lair:4 Urug


Innate Abilities, Weirdness & Mutations

You are too large for most types of armour.
You have tough skin. (AC +1)


Message History

The blink frog hits you!
* * * LOW HITPOINT WARNING * * *
The blink frog hits you!
* * * LOW HITPOINT WARNING * * *
Your crocodile skeleton misses the blink frog.
Your komodo dragon skeleton bites the blink frog!!
Your wolf skeleton closely misses the blink frog.
Your bullfrog skeleton closely misses the blink frog.
The blink frog blinks!
The blink frog hits you!
* * * LOW HITPOINT WARNING * * *
The blink frog blinks!
Your crocodile skeleton closely misses the blink frog.
Unknown command.
Unknown command.
You feel better.
A tree reaches out and hits the blink frog!
The blink frog hits you!
* * * LOW HITPOINT WARNING * * *
The blink frog hits you!
You die...

.... ..... #... .. ....
..... #..#♣. ♣# ...#
.../.♣♣..#.♣#.♣.. #.
.....†..≈≈........# ##.##
.........≈.≈......###..#P
.......≈Z≈≈≈.............
.......RF≈≈≈.............
....♣..(@F≈..............
.....§.†ZF...............
.o...♣ZZZ................
...........F.....##..##..
.....♣♣..#........#####..
....# ##F♣.♣.....#.#..#..
.... #..##.....###.....
... #..##......##...P.#
#..###Z............


You could see Urug, 5 blink frogs, a friendly dryad, a friendly komodo dragon
skeleton, 2 friendly wolf skeletons, a friendly crocodile skeleton and a
friendly bullfrog skeleton.

Vanquished Creatures
  2 centaur warriors
  A death yak (Lair:3)
  A spiny frog (Lair:4)
  4 komodo dragons
  2 rime drakes
  A polar bear (Lair:4)
  3 trolls
  A blink frog (Lair:3)
  7 hippogriffs
  2 wyverns
  A spriggan (D:8)
  Eustachio (D:6)
  12 yaks
  The ghost of p0werm0de the Chopper, an amateur DsFi (D:5)
  2 water moccasins
  3 porcupines
  4 orc warriors
  9 ice beasts
  A black bear (D:7)
  4 phantoms
  A sky beast (D:7)
  7 wolves
  3 centaurs
  2 ogres
  2 big kobolds
  Blork the orc (D:4)
  8 bullfrogs
  4 scorpions
  3 wights (D:7)
  An electric eel (Lair:2)
  4 howler monkeys
  5 crimson imps
  A centaur zombie (D:8)
  3 jellies
  7 hounds
  3 quasits
  4 orc priests
  A centaur skeleton (D:5)
  6 orc wizards
  An iguana (D:11)
  4 worker ants
  A killer bee zombie (D:7)
  3 hound skeletons
  2 howler monkey skeletons
  2 gnolls
  6 adders
  A shadow imp (D:9)
  3 adder skeletons
  2 adder zombies
  A worm (D:2)
  5 leopard geckos
  22 orcs
  2 ball pythons
  3 bats
  4 giant cockroaches
  6 goblins
  6 hobgoblins
  5 jackals
  14 kobolds
  2 quokkas
  2 frilled lizards
  A leopard gecko zombie (D:6)
  6 rats
232 creatures vanquished.

Vanquished Creatures (collateral kills)
  Gastronok (Lair:2)
  2 hydras (Lair:1)
  2 two-headed ogres (D:10)
  Erica (D:10)
  5 death yaks (Lair:3)
  Nergalle (Lair:2)
  Maurice (D:10)
  5 spiny frogs
  A komodo dragon (Lair:1)
  10 blink frogs
  5 hippogriffs
  A shadow (D:11)
  14 yaks
  A vampire (D:10)
  3 water moccasins (Lair:1)
  2 porcupines
  A sky beast (D:10)
  An ice beast (D:11)
  An orc warrior (D:9)
  A necrophage (D:8)
  An eye of draining (D:11)
  10 wolves
  3 crocodiles
  5 bullfrogs
  3 electric eels
  A crimson imp (D:11)
  2 hounds
  A centaur skeleton (D:9)
  An iguana (D:10)
  A hound zombie (D:10)
  2 worker ant zombies (D:11)
  A gnoll (D:9)
  3 river rats (Sewer)
  A shadow imp (D:11)
  6 orcs
  A rat (Sewer)
  4 fungi
  A plant (Lair:4)
106 creatures vanquished.

Vanquished Creatures (others)
  A fungus (Lair:3)
  A snaplasher vine (Lair:3)
2 creatures vanquished.

Grand Total: 340 creatures vanquished

Notes
Turn   | Place    | Note
-------+----------+-------------------------------------------
     0 | D:1      | Gruud the Ogre Wizard began the quest for the Orb.
     0 | D:1      | Reached XP level 1. HP: 16/16 MP: 5/5
     1 | D:1      | Noticed an electric eel
   116 | D:1      | Reached skill level 1 in Conjurations
   201 | D:1      | Reached XP level 2. HP: 19/24 MP: 3/6
   226 | D:1      | Learned a level 2 spell: Call Imp
   229 | D:1      | Learned a level 2 spell: Slow
   766 | D:2      | Reached XP level 3. HP: 19/31 MP: 5/8
   865 | D:2      | Learned a level 3 spell: Conjure Flame
   868 | D:2      | Learned a level 2 spell: Blink
  1315 | D:2      | Found a sacrificial altar of Ru.
  1567 | D:3      | Found a glowing drain.
  1571 | Sewer    | Entered a sewer
  1614 | Sewer    | Reached XP level 4. HP: 16/39 MP: 3/10
  1820 | Sewer    | Noticed a big kobold
  1870 | Sewer    | Killed a big kobold
  1870 | Sewer    | Reached XP level 5. HP: 45/45 MP: 8/11
  1896 | Sewer    | Found a white marble altar of Elyvilon.
  2303 | D:3      | Learned a level 3 spell: Mephitic Cloud
  2538 | D:4      | Reached skill level 1 in Fighting
  2800 | D:4      | Reached XP level 6. HP: 50/57 MP: 1/13
  2835 | D:4      | Noticed a phantom
  2976 | D:3      | Killed a phantom
  3073 | D:4      | Noticed Blork the orc
  3084 | D:4      | Killed Blork the orc
  3084 | D:4      | Reached skill level 5 in Conjurations
  3254 | D:4      | Noticed Grinder
  3356 | D:5      | Entered Level 5 of the Dungeon
  3462 | D:5      | Noticed p0werm0de's ghost (amateur DsFi)
  3463 | D:5      | Upgraded the game from 0.21-a0-203-gb066a6e to 0.21-a0-207-g4a9efaf
  3482 | D:5      | Killed p0werm0de's ghost
  3482 | D:5      | Reached XP level 7. HP: 57/70 MP: 12/14
  3923 | D:5      | Reached skill level 5 in Fighting
  4059 | D:4      | Noticed p0werm0de's ghost (weakling DsFi)
  4210 | D:5      | Reached XP level 8. HP: 69/80 MP: 12/15
  4464 | D:6      | Noticed Eustachio
  4471 | D:6      | Found a staircase to the Ecumenical Temple.
  4547 | D:6      | Killed Eustachio
  4592 | Temple   | Entered the Ecumenical Temple
  4694 | Temple   | Became a worshipper of Sif Muna the Loreminder
  5474 | D:7      | Found Efuabad's Armour Shoppe.
  5484 | D:7      | Found Doitarau's Jewellery Shop.
  5497 | D:7      | Bought an uncursed ring of poison resistance for 300 gold pieces
  5507 | D:7      | Found Tonul's Armour Emporium.
  5600 | D:7      | Noticed a hippogriff
  5601 | D:7      | Noticed a hippogriff
  5616 | D:7      | Killed a hippogriff
  5616 | D:7      | Reached skill level 2 in Summonings
  5616 | D:7      | Reached XP level 9. HP: 72/93 MP: 2/16
  5620 | D:7      | Reached * piety under Sif Muna
  5623 | D:7      | Reached skill level 3 in Summonings
  5750 | D:7      | Found Libliucw's Magic Scroll Boutique.
  5773 | D:7      | Bought a scroll of fog for 32 gold pieces
  5891 | D:7      | Reached skill level 4 in Summonings
  6124 | D:7      | Reached skill level 1 in Shields
  6156 | D:7      | Found Fianui Vyler's General Store.
  6172 | D:7      | Reached skill level 5 in Summonings
  6203 | D:8      | Noticed a centaur warrior
  6555 | D:8      | Reached ** piety under Sif Muna
  6669 | D:8      | Killed a centaur warrior
  6669 | D:8      | Reached skill level 6 in Summonings
  6669 | D:8      | Reached XP level 10. HP: 64/104 MP: 2/17
  6683 | D:8      | Learned a level 1 spell: Animate Skeleton
  6828 | D:8      | Reached skill level 7 in Summonings
  6839 | D:8      | Learned a level 3 spell: Regeneration
  7136 | D:8      | Found Wuvusom's Magic Scroll Emporium.
  7152 | D:8      | Bought a scroll of amnesia for 45 gold pieces
  7159 | D:8      | Learned a level 4 spell: Summon Ice Beast
  7591 | D:9      | Reached skill level 5 in Spellcasting
  7616 | D:9      | Reached *** piety under Sif Muna
  7689 | D:9      | Found a staircase to the Lair.
  7811 | D:9      | You fall through a shaft for 3 floors!
  7862 | D:10     | Entered Level 10 of the Dungeon
  8081 | D:9      | Found Ibroe's Gadget Boutique.
  8156 | D:10     | Reached skill level 8 in Summonings
  8175 | D:10     | Noticed Erica
  8189 | D:10     | Killed Erica
  9022 | D:10     | Reached skill level 1 in Invocations
  9056 | D:10     | Reached **** piety under Sif Muna
  9067 | D:10     | Noticed a two-headed ogre
  9087 | D:10     | Killed a two-headed ogre
  9087 | D:10     | Reached XP level 11. HP: 73/111 MP: 1/20
  9104 | D:10     | Noticed Maurice
  9112 | D:10     | Killed Maurice
  9112 | D:10     | Reached skill level 9 in Summonings
  9138 | D:10     | Learned a level 4 spell: Summon Lightning Spire
  9700 | D:10     | Noticed a two-headed ogre
  9709 | D:10     | Killed a two-headed ogre
  9983 | D:11     | Noticed a centaur warrior
  9996 | D:11     | Killed a centaur warrior
 10326 | D:11     | Reached skill level 10 in Summonings
 10621 | D:10     | Upgraded the game from 0.21-a0-207-g4a9efaf to 0.21-a0-210-gbfa5647
 10786 | Lair:1   | Entered Level 1 of the Lair of Beasts
 10958 | Lair:1   | Reached skill level 10 in Fighting
 10982 | Lair:1   | Reached skill level 5 in Shields
 11056 | Lair:1   | Reached ***** piety under Sif Muna
 11056 | Lair:1   | Received a gift from Sif Muna
 11073 | Lair:1   | Identified Akhloadd's Reference Book on the Entourage and Curses (Sif Muna gifted it to you on level 1 of the Lair of Beasts)
 11075 | Lair:1   | Upgraded the game from 0.21-a0-210-gbfa5647 to 0.21-a0-215-g0631661
 11222 | Lair:1   | Noticed a five-headed hydra
 11223 | Lair:1   | Noticed a six-headed hydra
 11253 | Lair:1   | Killed a five-headed hydra
 11279 | Lair:1   | Killed a six-headed hydra
 11279 | Lair:1   | Reached skill level 5 in Invocations
 11547 | Lair:2   | Noticed Gastronok
 11552 | Lair:2   | Noticed Nergalle
 11559 | Lair:2   | Killed Gastronok
 11559 | Lair:2   | Reached XP level 12. HP: 125/125 MP: 6/21
 11564 | Lair:2   | Killed Nergalle
 11611 | Lair:2   | Found a staircase to the Swamp.
 11889 | Lair:2   | Reached skill level 11 in Summonings
 12100 | Lair:3   | Noticed a death yak
 12103 | Lair:3   | Noticed a death yak
 12107 | Lair:3   | Noticed a death yak
 12107 | Lair:3   | Noticed a death yak
 12107 | Lair:3   | Noticed a death yak
 12108 | Lair:3   | Noticed a death yak
 12284 | Lair:3   | Learned a level 5 spell: Summon Forest
 12405 | Lair:3   | Found a hole to the Spider Nest.
 12475 | Lair:3   | Killed a death yak
 12477 | Lair:3   | Killed a death yak
 12498 | Lair:3   | Killed a death yak
 12500 | Lair:3   | Killed a death yak
 12502 | Lair:3   | Killed a death yak
 12504 | Lair:3   | Killed a death yak
 12929 | Lair:4   | Identified Sif Muna's Disquisition on Toxic Changing (Sif Muna gifted it to you on level 4 of the Lair of Beasts)
 12929 | Lair:4   | Received a gift from Sif Muna
 13353 | Lair:4   | Reached skill level 12 in Summonings
 13355 | Lair:4   | Noticed Urug
 13356 | Lair:4   | HP: 4/132 [blink frog (11)]
 13356 | Lair:4   | Mangled by a blink frog

Vault maps used:
D:1:      arrival_aquarium_a
D:2:      hangedman_ru_absence
D:3:      gup_sewer_entry_bowl, feat_on_display
D:4:      first_bread, minivault_23, kennysheep_generic_room_3,
          uniq_blork_the_orc, uniq_grinder
D:5:      minivault_26
D:6:      minmay_temple_entry_glass, roderic_serpentine_path, minivault_23,
          uniq_eustachio
D:7:      serial_shops, nicolae_shop_behind_doors, kennysheep_little_box, shop,
          shop, kennysheep_windowed_goal
D:8:      serial_shops, shop_scrolls, the_bakery
D:9:      erik_lair_island, serial_shops, nicolae_shop_behind_doors
D:10:     uniq_maurice, uniq_erica
D:11:     portal_ice_cave_entry_ice_beasts
D:12:     erik_orc_2, uniq_harold, uniq_josephine, uniq_erolcha
Temple:   kilobyte_greek_temple
Lair:1:   grunt_megastairs_2, serial_bayou_shore_a
Lair:2:   swamp_mist, lemuel_fruit_tree, uniq_gastronok, uniq_nergalle
Lair:3:   dummy_spider_entry, beast_lair_carwin_8, grunt_megastairs_4
Lair:4:   uniq_urug
Sewer:    sewer_kobolds

Skill      XL: |  1  2  3  4  5  6  7  8  9 10 11 12 |
---------------+-------------------------------------+-----
Conjurations   | 1 2 3 4 5 6 8 |  8.2
Spellcasting   | 4 6 8 |  8.9
Fighting       | 2 4 5 7 8 10 11 | 11.8
Summonings     | 2 6 8 10 12 | 12.0
Shields        | 3 4 5 |  5.5
Invocations    | 2 5 |  5.6
Dodging        | |  1.7
Stealth        | |  1.4
Translocations | |  0.8

Action                   |  1- 3 |  4- 6 |  7- 9 | 10-12 || total
-------------------------+-------+-------+-------+-------++-------
Melee: Spear             |   114 |   163 |    50 |       ||   327
       Quarterstaff      |       |       |   118 |       ||   118
       Flail             |       |       |    29 |   556 ||   585
Throw: Tomahawk          |       |       |     8 |    26 ||    34
 Cast: Magic Dart        |    51 |    42 |   139 |     6 ||   238
       Call Imp          |     5 |     2 |     7 |       ||    14
       Blink             |     1 |       |       |       ||     1
       Mephitic Cloud    |       |     2 |    13 |    39 ||    54
       Conjure Flame     |       |     1 |     8 |    13 ||    22
       Slow              |       |       |     3 |     2 ||     5
       Animate Skeleton  |       |       |       |    84 ||    84
       Summon Ice Beast  |       |       |       |    89 ||    89
       Regeneration      |       |       |       |    28 ||    28
       Summon Forest     |       |       |       |     3 ||     3
Invok: Channel Magic     |       |       |       |     1 ||     1
Evoke: Wand              |       |     2 |     3 |     1 ||     6
  Use: Scroll            |     2 |     4 |     9 |    18 ||    33
       Potion            |     2 |       |       |     3 ||     5
 Stab: Confused          |       |       |     1 |     3 ||     4
       Distracted        |       |       |       |     2 ||     2
  Eat: Chunk             |     2 |     7 |     7 |    31 ||    47
       Royal jelly       |       |       |     2 |     1 ||     3
       Fruit             |       |       |       |     6 ||     6
Armor: Robe              |    20 |    60 |   123 |   110 ||   313
       Troll leather arm |       |       |       |   161 ||   161
Dodge: Dodged            |    39 |    76 |   157 |   313 ||   585

Table legend:
 A = Spawn XP
 B = Non-spawn XP
 C = Spawn XP percentage of total XP
 D = Spawn monster count
 E = Non-spawn monster count
 F = Spawn count percentage of total count
 G = Total turns spent on level
                    A         B        C        D         E        F      G
               +---------+---------+-------+---------+---------+-------+---------
         Total |    1363 |   16037 |   7.8 |       5 |      92 |   5.2 |  2735
               +---------+---------+-------+---------+---------+-------+---------
           D:9 |       0 |     102 |   0.0 |       0 |       2 |   0.0 |   129
          D:10 |       0 |     255 |   0.0 |       0 |       1 |   0.0 |    36
        Lair:1 |     545 |    2477 |  18.0 |       1 |      17 |   5.6 |   697
        Lair:2 |     428 |    4172 |   9.3 |       2 |      22 |   8.3 |   749
        Lair:3 |       0 |    5814 |   0.0 |       0 |      28 |   0.0 |   682
        Lair:4 |     390 |    3217 |  10.8 |       2 |      22 |   8.3 |   442
               +---------+---------+-------+---------+---------+-------+---------
